 Dungeon Crawl Stone Soup version 0.28.0-49-g6dfe1f597d (webtiles) character file.

Game seed: 6744368969240419550

118 Zeld the Ducker (level 5, -1/40 HPs)
             Began as a Djinni Monk on May 12, 2022.
             Slain by a water moccasin zombie (5 damage)
             ... on level 3 of the Dungeon.
             The game lasted 00:04:22 (3763 turns).

Zeld the Ducker (Djinni Monk)                       Turns: 3763, Time: 00:04:22

Health: -1/40      AC:  2    Str: 12    XL:     5   Next: 23%
Gold:   117        EV: 13    Int: 12    God:
                   SH:  0    Dex: 15

rFire   + + .      SeeInvis .   a - +0 falchion
rCold   x . .      Faith    .   (no shield)
rNeg    . . .      Spirit   .   b - +0 robe
rPois   ∞          Reflect  .   (no helmet)
rElec   .          Harm     .   (no cloak)
rCorr   .          Rampage  .   (no gloves)
Will    .....                   (boots unavailable)
Stlth   ++........              (no amulet)
HPRegen 0.13/turn               (no ring)
MPRegen 0.00/turn               (no ring)

@: flying
A: sickness immunity, fire resistance 2, cold vulnerability 1, float, innate
caster, HP casting, extra vitality 1
a: no special abilities


You were on level 3 of the Dungeon.
You visited 1 branch of the dungeon, and saw 4 of its levels.

You collected 117 gold pieces.

Inventory:

Hand Weapons
 a - a +0 falchion (weapon)
Armour
 b - a +0 robe (worn)
Scrolls
 d - 3 scrolls of magic mapping {unknown}
 f - a scroll of vulnerability {unknown}
 h - a scroll of blinking {unknown}
 i - a scroll of fear {unknown}
 j - a scroll of immolation {unknown}
 k - a scroll of torment {unknown}
 l - a scroll of identify {unknown}
 m - a scroll of summoning {unknown}
 n - a scroll of teleportation {unknown}
Potions
 c - 2 potions of lignification {unknown}
 e - a potion of resistance {unknown}
 g - 2 potions of ambrosia {unknown}


   Skills:
 + Level 3.3 Fighting
 * Level 3.6 Long Blades
 + Level 3.7 Dodging
 + Level 2.1 Stealth
 * Level 1.5 Spellcasting


You had 4 spell levels left.
You knew the following spells:

 Your Spells              Type           Power      Damage    Failure   Level
a - Beastly Appendage     Tmut           8%         N/A       16%         1
b - Blink                 Tloc           8%         N/A       24%         2
Your spell library was empty.

Dungeon Overview and Level Annotations

Branches:
Dungeon (4/15)
 Temple: D:4-7

Altars:
Yredelemnul

Shops:
D:2 (


Innate Abilities, Weirdness & Mutations

You are immune to sickness and miasma.
You are immune to poison.
Your flesh is very heat resistant. (rF++)
You are vulnerable to cold. (rC-)
You float through the air rather than walking.
You learn spells naturally, not from books.
Your magical power is your life essence.
You have superior vitality. (+4 MHP)


Message History

The jackal closely misses you.
You barely miss the jackal.
The jackal is severely wounded.
You feel stable enough to blink again. The jackal closely misses you.
The jackal misses you.
You hit the jackal.
The jackal is almost dead.
The jackal bites you but does no damage.
The jackal misses you.
You hit the jackal.
You kill the jackal!
The jackal bites you.
* * * LOW HITPOINT WARNING * * *
The jackal barely misses you.
You aren't carrying any items that you can evoke.
Unknown command.
You hit the jackal.
You kill the jackal!
You closely miss the jackal.
The jackal bites you but does no damage. x2
You hit the jackal.
The jackal is moderately wounded.
The jackal closely misses you.
You slash the jackal!
You kill the jackal!
The water moccasin zombie closely misses you.
Press: ? - help, v - describe, . - travel, g - get item
Here: a water moccasin zombie (lightly damaged) Item here: a jackal corpse.
The floor.
Casting: Blink (dangerous; 24% risk of failure)
Confirm with . or Enter, or press ? or * to list all spells.
You blink.
* * * LOW HITPOINT WARNING * * *
You feel stable enough to blink again.
You aren't carrying any items that you can evoke.
Unknown command.
The water moccasin zombie misses you. The water moccasin zombie bites you.
You die...

#.#.#.#### #..... #.#.##.#.#
+....# ##.#####.## ###.##
#...#.....# #.# #.#.##....# #.#
##.#.##.#..# #. #.#
#..#..#.#..###########.#
##.###.##...Z...........#
###..#.#..####.@.....####.#####
##...##.##...####.##...........#
...###...###....#####.##.#.###.#
)...†).⌠..(####.).....##.......#
...###...###....########(#.<...#
##...##.##...####.##...>.#.##..#
###..#.#..### ..........).##..#
##.###.## #.................
#..#.)# ##.##>#.######..##


You could see a water moccasin zombie.

Vanquished Creatures
  Jessica (D:3)
  3 adders
  2 worms (D:2)
  2 dart slugs (D:1)
  3 bats
  6 endoplasms
  3 giant cockroaches
  5 goblins
  4 hobgoblins
  4 jackals
  2 quokkas
  5 ball pythons
  6 frilled lizards
  5 kobolds
  5 rats
56 creatures vanquished.

Notes
Turn   | Place    | Note
-------+----------+-------------------------------------------
     0 | D:1      | Zeld the Djinni Monk began the quest for the Orb.
     0 | D:1      | Reached XP level 1. HP: 20/20 MP: 0/0
    48 | D:1      | Found a faded altar of an unknown god.
   210 | D:1      | Reached XP level 2. HP: 25/25 MP: 0/0
   568 | D:1      | Reached XP level 3. HP: 28/30 MP: 0/0
   568 | D:1      | Learned a level 1 spell: Beastly Appendage
  1208 | D:2      | Found Kuny's Antique Weapon Shoppe.
  1226 | D:2      | Found a basalt altar of Yredelemnul.
  1243 | D:2      | Reached skill level 1 in Spellcasting
  1731 | D:2      | Reached XP level 4. HP: 18/35 MP: 0/0
  2902 | D:3      | Noticed Jessica
  3107 | D:3      | Killed Jessica
  3403 | D:3      | Reached XP level 5. HP: 40/40 MP: 0/0
  3403 | D:3      | Learned a level 2 spell: Blink
  3671 | D:4      | Noticed an ogre
  3727 | D:3      | HP: 2/40 [jackal (2)]
  3763 | D:3      | Slain by a water moccasin zombie

Illustrated notes

Levels and vault maps discovered:
D:1:      kennysheep_arrival_seaside, layout_loops_corners,
          dreamdust_ecumenical_altar_statues
D:2:      layout_loops_ring, basic_altar, serial_shops,
          nicolae_shop_overgrown_old_shop
D:3:      minmay_general_purpose_star, layout_loops_ring,
          nicolae_qazlal_general_emergency, doesnt_xom_only_xom, uniq_jessica
D:4:      layout_loops_ring, serial_glass, glass_columns_b, glass_columns_b,
          glass_columns_a, glass_columns_b, glass_columns_a

Skill      XL: |  1  2  3  4 |
---------------+-------------+-----
Long Blades    | 3 |  3.6
Spellcasting   | 1 |  1.5
Stealth        | 2 |  2.1
Fighting       | |  3.3
Dodging        | |  3.7

Action                   |  1- 3 |  4- 6 || total
-------------------------+-------+-------++-------
Melee: Falchion          |    76 |   106 ||   182
       Headbutt          |       |     4 ||     4
       Punch             |       |     1 ||     1
 Cast: Beastly Appendage |     5 |     2 ||     7
       Blink             |       |     5 ||     5
 Stab: Sleeping          |     8 |     3 ||    11
       Distracted        |     1 |       ||     1
Armor: Robe              |     8 |    20 ||    28
Dodge: Dodged            |    46 |    80 ||   126
